 Dungeon Crawl Stone Soup version 0.19.5 (webtiles) character file.

25 tidbits the Ducker (level 2, 8/19 HPs)
             Began as a High Elf Wanderer on Oct 31, 2017.
             Was an Initiate of Ashenzari.
             Quit the game on level 5 of the Dungeon.
             The game lasted 00:06:31 (895 turns).

tidbits the Ducker (High Elf Wanderer)               Turns: 895, Time: 00:06:31

Health: 8/19       AC:  6    Str:  9    XL:     2   Next: 82%
Magic:  3/3        EV:  9    Int: 18    God:    Ashenzari [......]
Gold:   72         SH:  6    Dex: 13    Spells: 0 memorised, 1 level left

rFire  . . .     SeeInvis .     a - +0 short sword
rCold  . . .     Gourm    .     B - +0 leather armour
rNeg   . . .     Faith    .     D - +0 shield (curse)
rPois  .         Spirit   .     o - +2 hat
rElec  .         Reflect  .     (no cloak)
rCorr  .         Harm     .     G - +0 pair of gloves
MR     .....                    (no boots)
Stlth  ++........               (no amulet)
                                (no ring)
                                (no ring)

@: drained
A: no striking features
a: Curse Item, Renounce Religion


You were on level 5 of the Dungeon.
You worshipped Ashenzari.
Ashenzari was noncommittal.
You were not hungry.

You visited 2 branches of the dungeon, and saw 6 of its levels.

You collected 72 gold pieces.

Inventory:

Hand Weapons
 a - a +0 short sword (weapon)
   (You found it on level 1 of the Dungeon)
 d - a +0 dagger
 g - a +0 mace
   (You found it on level 2 of the Dungeon)
Missiles
 l - 13 poisoned needles
 n - 4 throwing nets {!f}
 q - 23 arrows
 s - 72 stones (quivered)
Armour
 o - a +2 hat (worn)
   (You found it on level 1 of the Dungeon)
 B - a +0 leather armour (worn)
 D - a cursed +0 shield (worn)
   (You found it on level 3 of the Dungeon)
 E - a +1 helmet
   (You found it on level 1 of the Dungeon)
 G - a +0 pair of gloves (worn)
   (You found it on level 4 of the Dungeon)
Scrolls
 k - a scroll of identify {unknown}
 m - a scroll of teleportation
 p - a scroll of enchant armour {unknown}
Potions
 b - 2 potions of might {unknown}
 e - a potion of ambrosia {unknown}
 f - 2 potions of curing
 i - 2 potions of magic {unknown}
Comestibles
 c - 2 bread rations
 h - 2 meat rations


   Skills:
 - Level 2.0(1.5) Fighting
 - Level 2.5(2.0) Short Blades
   Level 1.3(0.9) Bows
 - Level 1.7(1.3) Armour
 - Level 2.6(2.2) Dodging
 - Level 2.2(1.8) Stealth
 + Level 1.0(0.5) Shields


You had one spell level left.
You didn't know any spells.

Dungeon Overview and Level Annotations

Branches:
Dungeon (5/15)             Temple (1/1) D:5

Altars:
Ashenzari
Elyvilon
Hepliaklqana
Makhleb
Nemelex Xobeh
Qazlal
Trog
Zin
The Shining One

Annotations:
D:5 tidbits's ghost, amateur HEWn


Message History

You see here an uncursed shield.
p - an uncursed shield The kobold throws a stone.
The stone barely misses you.
The giant cockroach waves its antennae.
Found 5 gold pieces. 3 orcs come into view.
The orc shouts! x3
The orc moves out of view.
An orc comes into view. It is wielding a dagger.
The orc shouts!
You see here 5 gold pieces.
You aren't carrying any items that you can evoke.
Unknown command.
Okay, then.
A giant cockroach comes into view.
Found a stone staircase leading down.
You hit the giant cockroach.
You kill the giant cockroach!
Your Fighting skill increases to level 2!
The orc closely misses you.
There is a stone staircase leading down here.
You climb downwards.
There is a stone staircase leading up here.
Found 23 arrows.
You see here 23 arrows.
q - 23 arrows Wear which item? (? for menu, Esc to quit)
You start putting on your armour.
You continue putting on your uncursed shield. x4
You finish putting on your +0 shield.
Unknown command.
Adjust (i)tems, (s)pells, or (a)bilities?
Adjust which item? (? for menu, Esc to quit)
p - a +0 shield (worn)
Adjust to which letter? (? for menu, Esc to quit)
D - a +0 shield (worn)
Curse which item? (1 remove curse scroll left) (Esc to abort) (? for menu, Esc to quit)
Your +0 shield glows black for a moment.
Your shield hand is bound.
You are slightly bound.
Unknown command.
Found a stone staircase leading up.
There is a stone staircase leading up here.
You climb upwards.
There is a stone staircase leading down here.
You climb downwards.
There is a stone staircase leading up here.
Found a scroll labeled WOUWNE TEUMEXT.
Found an escape hatch in the floor.
Things that are here:
a scroll labeled WOUWNE TEUMEXT; an uncursed pair of gloves
j - an uncursed pair of gloves;
p - a scroll labeled WOUWNE TEUMEXT Wear which item? (? for menu, Esc to quit)
You start putting on your armour.
You continue putting on your uncursed pair of gloves. x4
You finish putting on your +0 pair of gloves.
Adjust (i)tems, (s)pells, or (a)bilities?
Adjust which item? (? for menu, Esc to quit)
j - a +0 pair of gloves (worn)
Adjust to which letter? (? for menu, Esc to quit)
G - a +0 pair of gloves (worn)
Unknown command.
Found 12 gold pieces.
HP restored.
You see here 12 gold pieces.
You now have 72 gold pieces (gained 12).
There is a shaft here.
There is a shaft here.
There is an escape hatch in the floor here.
You slide downwards.
The hatch slams shut behind you. 2 orcs and a skeleton come into view.
Found 3 fruits, an uncursed arbalest and 27 gold pieces.
Found two stone staircases leading down.
The orc shouts!
Found a potion of curing.
A centaur comes into view.
An orc comes into view. It is wielding a mace.
Found an uncursed leather armour.
The orc shouts!
You see here a potion of curing.
f - 2 potions of curing (gained 1) Tidbits's ghost (amateur High Elf Wanderer) comes into view.
It is wielding a weapon of draining.
Found a stone staircase leading up.
Found a scroll labeled JIWKE QUAMUKH.
You open the door.
Found a staircase to the Ecumenical Temple.
There is an open door here.
There is a staircase to the Ecumenical Temple here.
Tidbits's ghost barely misses you.
You climb downwards.
Welcome to the Ecumenical Temple!
Found eight altars.
There is a staircase back to the Dungeon here.
You climb upwards.
Welcome back to the Dungeon!
Level annotation: tidbits's ghost, amateur HEWn Tidbits's ghost hits you but does no damage.
You feel drained. You block the centaur's attack. The orc hits you.
Tidbits's ghost hits you but does no damage.
You feel drained. The centaur hits you.
* * * LOW HITPOINT WARNING * * *
There is a staircase to the Ecumenical Temple, spattered with blood here.
Are you sure you want to abandon this character and quit the game? (Confirm with "yes".)

..##.. #.##.... #
#.#. #.#..# #..#.
#....#
.#...##c.#.#
.......#....#
......[.#########
........#.......#
#.......#...o...#
#.......'..o@...+
#.......#..c.W..#
#.......#.......#
##...<..####+####
#.?..##. #.... #
#.... ####


You could see a centaur, tidbits's ghost and 2 orcs.

Vanquished Creatures
  A worm (D:2)
  A leopard gecko (D:2)
  A giant cockroach (D:3)
  3 goblins
  4 hobgoblins
  A quokka (D:2)
  A ball python (D:1)
  2 bats
  A frilled lizard (D:2)
  2 kobolds
  4 rats
21 creatures vanquished.

Notes
Turn   | Place    | Note
-------+----------+-------------------------------------------
     0 | D:1      | tidbits the High Elf Wanderer began the quest for the Orb.
     0 | D:1      | tidbits set off with: a +0 leather armour, 4 throwing nets {!f}, a potion of curing, a scroll of teleportation, a +0 dagger, a bread ration
     0 | D:1      | Reached XP level 1. HP: 11/11 MP: 2/2
    13 | D:1      | Found a shattered altar of Ashenzari.
    17 | D:1      | Became a worshipper of Ashenzari the Shackled
   245 | D:2      | Reached skill level 1 in Fighting
   263 | D:2      | Reached XP level 2. HP: 15/18 MP: 3/3
   619 | D:3      | Reached skill level 2 in Fighting
   871 | D:5      | Entered Level 5 of the Dungeon
   874 | D:5      | Noticed a centaur
   881 | D:5      | Noticed tidbits's ghost (amateur HEWn)
   885 | D:5      | Found a staircase to the Ecumenical Temple.
   892 | Temple   | Entered the Ecumenical Temple
   895 | D:5      | Quit the game

Skill      XL: |  1  2 |
---------------+-------+-----
Fighting       | 1 2 |  2.0
Short Blades   | |  2.5
Bows           | |  1.3
Armour         | |  1.7
Dodging        | |  2.6
Stealth        | |  2.2
Shields        | |  1.0

Action                   || total
-------------------------++-------
Melee: Dagger            ||    54
       Short sword       ||    22
Throw: Stone             ||     4
       Throwing net      ||     1
Invok: Curse Item        ||     1
Armor: Leather armour    ||    22
Dodge: Dodged            ||    36
Block: Shield            ||     1

Table legend:
 A = Turns spent in this place as a percentage of turns spent in the entire game.
 B = Non-inter-level travel turns spent in this place as a percentage of non-inter-level travel turns spent in the entire game.
 C = Inter-level travel turns spent in this place as a percentage of turns spent in this place.
 D = Turns resting spent in this place as a percentage of non-inter-level travel turns spent in this place.
 E = Turns spent auto-exploring this place as a percentage of non-inter-level travel turns spent in this place.
 F = Non-inter-level travel turns spent in this place divided by the number of levels of this place that you've seen.
                   A       B       C       D       E      F
               +-------+-------+-------+-------+-------+----------------------
         Total | 100.0 | 100.0 |   0.1 |   0.0 |   0.0 | 115.8
       Dungeon |  99.7 |  99.7 |   0.1 |   0.0 |   0.0 | 138.6
        Temple |   0.3 |   0.3 |   0.0 |   0.0 |   0.0 |   2.0
               +-------+-------+-------+-------+-------+----------------------

Table legend:
 A = Kills in this place as a percentage of kills in entire the game.
 B = Kills by you in this place as a percentage of kills by you in the entire game.
 C = Kills by friends in this place as a percentage of kills by friends in the entire game.
 D = Other kills in this place as a percentage of other kills in the entire game.
 E = Experience gained in this place as a percentage of experience gained in the entire game.
 F = Experience gained in this place divided by the number of levels of this place that you have seen.
                   A       B       C       D       E      F
               +-------+-------+-------+-------+-------+----------------------
         Total | 100.0 | 100.0 |  -nan |  -nan | 100.0 |   6.0
       Dungeon | 100.0 | 100.0 |  -nan |  -nan | 100.0 |   7.2
               +-------+-------+-------+-------+-------+----------------------

Vault maps used:
D:1:      lightli_iron_boxes, ashenzari_altar_1
D:2:      first_bread, kennysheep_big_empty_room
D:3:      minmay_goblin_kobold_castle, minmay_vboxes
D:4:      cheibriados_altar_1, columned_hall_lemuel, tgw_kikubaaqudgha,
          uniq_robin
D:5:      lemuel_round_altar, temple_green, uniq_edmund
Temple:   eino_narrow_crystal_temple
